 Dungeon Crawl Stone Soup version 0.30-b1-2-g02819fbbbe (webtiles) character file.

Game seed: 1084869523896156455

3059 sanka the Martial Artist (level 10, -2/81 HPs)
             Began as a Meteoran Monk on May 13, 2023.
             Slain by a kobold brigand
             ... wielding a +0 war axe
              (13 damage)
             ... in a bailey.
             The game lasted 00:24:11 (4492 turns).

sanka the Martial Artist (Meteoran Monk)            Turns: 4492, Time: 00:24:12

Health: -2/81      AC:  2    Str: 11 (13) XL:     10   Next: 33%
Magic:  14/17      EV: 25    Int: 10 (13) God:
Gold:   388        SH:  0    Dex: 22 (25) Spells: 14/17 levels left

rFire   . .          .
                       - Unarmed
rCold   . . .        c - melded orb {light}
rNeg    . . .        a - melded +0 robe
rPois   x            C - melded +2 helmet
rElec   .            H - melded +0 cloak
rCorr   .            (gloves currently unavailable)
SInv    .            (boots currently unavailable)
Will    +....        (no amulet)
Stlth   +            F - ring of wizardry
HPRegen 0.33/turn    (no ring)
MPRegen 0.15/turn

%: wizardry (x1)
@: spider-form, glowing
A: venomous fangs, tiny, sense surroundings 2, otherworldly, glowing, explore
regen
a: End Transformation


You were in a bailey.
You were a venomous arachnid creature.
You visited 2 branches of the dungeon, and saw 9 of its levels.
You also visited: Bailey.

You collected 388 gold pieces.

Inventory:

Hand Weapons
 A - the +5 long sword "Eseetz" {protect, Will+}
   (You found it on level 4 of the Dungeon)

   Will:      It increases your willpower.
 I - a +3 quarterstaff of chaos
Armour
 a - a +0 robe (melded)
 c - an orb of light (melded)
 g - +0 storm dragon scales
 q - a +0 ring mail of fire resistance
 C - a +2 helmet (melded)
 H - a +0 cloak (melded)
Magical Staves
 j - a staff of poison
Jewellery
 r - a ring of protection from cold
 F - a ring of wizardry (left front pincers)
Wands
 B - a wand of paralysis (2)
 D - a wand of polymorph (7)
Scrolls
 d - 2 scrolls of fog {unknown}
 f - 3 scrolls of amnesia {unknown}
 i - a scroll of teleportation {unknown}
 t - a scroll of vulnerability {unknown}
 u - 2 scrolls of summoning {unknown}
 v - a scroll of fear {unknown}
 w - 4 scrolls of identify {unknown}
 x - a scroll of noise {unknown}
 y - 2 scrolls of blinking {unknown}
 E - 2 scrolls of enchant weapon {unknown}
 J - a scroll of enchant armour {unknown}
Potions
 b - 3 potions of ambrosia
 e - 4 potions of cancellation {unknown}
 h - 2 potions of flight {unknown}
 k - a potion of resistance {unknown}
 l - a potion of berserk rage {unknown}
 m - 2 potions of degeneration {!q}
 n - 2 potions of magic {unknown}
 o - 3 potions of curing {unknown}
 p - a potion of heal wounds {unknown}
 s - 2 potions of might {unknown}
 z - a potion of attraction {unknown}
 G - a potion of haste {unknown}
 K - a potion of brilliance {unknown}


   Skills:
 + Level 5.4 Fighting
 + Level 6.0 Dodging
 * Level 11.9 Unarmed Combat
 - Level 4.0 Spellcasting
 - Level 8.0 Transmutations


You had 14 spell levels left.
You knew the following spells:

 Your Spells              Type           Power      Damage    Failure   Level
a - Spider Form           Tmut/Pois      10%        N/A       13%         3

Your spell library contained the following spells:

 Spells                   Type           Power      Damage    Failure   Level
 Beastly Appendage        Tmut           36%        N/A       1%          1
 Wereblood                Tmut           18%        N/A       2%          2
 Sting                    Tmut/Pois      40%        1d5       6%          1
 Ignite Poison            Fire/Tmut/Pois 7%         N/A       21%         3
 Cigotuvi's Dreadful Rot  Necr/Pois/Air  4%         N/A       28%         2
 Poisonous Vapours        Pois/Air       4%         N/A       28%         2
 Ice Form                 Ice/Tmut       10%        N/A       32%         4
 Call Canine Familiar     Summ           2%         N/A       45%         3
 Hailstorm                Conj/Ice       2%         3d3       45%         3
 Portal Projectile        Hex/Tloc       4%         N/A       45%         3
 Leda's Liquefaction      Hex/Erth       1%         N/A       80%         4
 Olgreb's Toxic Radiance  Pois           2%         N/A       80%         4
 Sticky Flame             Conj/Fire      2%         2d3       80%         4
 Freezing Cloud           Conj/Ice/Air   1%         6-21      98%         5
 Simulacrum               Ice/Necr       1%         N/A       100%        6
 Ignition                 Fire           1%         3d3       100%        8


Dungeon Overview and Level Annotations

Branches:
Dungeon (8/15) Zot: 491    Temple (1/1) D:7 Zot: 522  Bailey (1/1) Zot: 561
   Lair: D:8-11

Altars:
Cheibriados
Dithmenos
Elyvilon
Gozag
Hepliaklqana
Kikubaaqudgha
Nemelex Xobeh
Okawaru
Qazlal
Sif Muna
Trog
Uskayaw
Vehumet
Wu Jian
Yredelemnul
Zin
The Shining One

Shops:
D:2 *


Innate Abilities, Weirdness & Mutations

You are a venomous arachnid creature.
You have venomous fangs.
You are tiny and dextrous.
Your spellcasting is less reliable in this form.
Your armour is entirely melded.
You are incapable of wielding weapons or throwing items.
You passively map the area around you.
You are easily found by Zot.
You glow in the dark.
You regain HP and MP as you explore.


Message History

Your +0 cloak unmelds from your body.
Your +2 helmet unmelds from your body.
Your orb of light unmelds from your body.
Your +0 robe unmelds from your body.
The kobold brigand misses you.
The kobold brigand completely misses you.
You punch the kobold brigand!
The kobold brigand is moderately wounded.
The kobold brigand hits you with a +0 war axe! x2
Unknown command.
You are too injured to fight recklessly!
Unknown command.
Unknown command.
Casting: Spider Form (dangerous; 4% risk of failure)
Confirm with . or Enter, or press ? or * to list all spells.
You turn into a venomous arachnid creature.
Your +0 cloak melds into your body.
Your +2 helmet melds into your body.
Your orb of light melds into your body.
Your +0 robe melds into your body.
The kobold closely misses you.
The kobold brigand hits you with a +0 war axe.
The kobold brigand hits you with a +0 war axe!
* * * LOW HITPOINT WARNING * * *
Unknown command.
You bite the kobold brigand!
The kobold brigand is poisoned.
The kobold brigand is severely wounded.
The kobold completely misses you. x2
You closely miss the kobold brigand.
The kobold brigand is severely wounded.
The kobold brigand misses you. The kobold completely misses you.
You closely miss the kobold brigand.
The kobold brigand is severely wounded.
The kobold completely misses you.
The kobold brigand hits you with a +0 war axe!
* * * LOW HITPOINT WARNING * * *
The kobold brigand completely misses you.
The kobold barely misses you.
It was a potion of degeneration.
There was something very wrong with that liquid.
You feel weakened.
You feel dopey.
You feel clumsy. The kobold misses you. The kobold hits you but does no damage.
The kobold brigand hits you with a +0 war axe!
You die...

.~~.......~~.,
,
#~~.......~~#
*
.~~.......~~.
, *
#K~.......~ *
* ~.......~ *
#...# * #KK.#
#KK.#


#sKK# ##KK'## ##..∩..## #.......# #...∩...# ##.....## ####### You could see 2
kobold brigands and 6 kobolds.

Vanquished Creatures
  3 yaks (D:8)
  A water moccasin (D:6)
  2 orc warriors
  A black bear (D:7)
  An ice beast (D:7)
  4 ogres
  A centaur (D:5)
  A kobold brigand (Bailey)
  2 phantoms
  Blork the orc (D:5)
  A bullfrog (D:7)
  2 scorpions
  7 wights
  2 howler monkeys
  An orc priest (D:8)
  2 gnoll boudas
  Crazy Yiuf (D:7)
  2 hounds
  An iguana (D:5)
  A sleepcap (D:4)
  Terence (D:2)
  9 orc wizards
  Robin (D:2)
  8 adders
  7 gnolls
  2 white imps
  An ufetubus (D:6)
  A worm (D:2)
  2 dart slugs
  37 orcs
  4 ball pythons
  14 bats
  13 endoplasms
  7 giant cockroaches
  11 hobgoblins
  3 jackals (D:5)
  9 kobolds
  A quokka (D:1)
  13 goblins
  8 rats
189 creatures vanquished.

Vanquished Creatures (others)
  6 plants
6 creatures vanquished.

Grand Total: 195 creatures vanquished

Notes
Turn   | Place    | Note
-------+----------+-------------------------------------------
     0 | D:1      | sanka the Meteoran Monk began the quest for the Orb.
     0 | D:1      | Reached XP level 1. HP: 19/19 MP: 2/2
    97 | D:1      | Reached skill level 4 in Unarmed Combat
    97 | D:1      | Reached XP level 2. HP: 14/26 MP: 3/3
   318 | D:1      | Reached XP level 3. HP: 24/31 MP: 4/4
   407 | D:1      | Reached skill level 5 in Unarmed Combat
   429 | D:1      | You fall into a shaft and drop 1 floor!
   508 | D:2      | Noticed Robin
   531 | D:2      | Killed Robin
   532 | D:2      | Reached XP level 4. HP: 15/38 MP: 5/5
   725 | D:2      | Noticed Terence
   752 | D:2      | Killed Terence
   753 | D:2      | Reached skill level 6 in Unarmed Combat
   753 | D:2      | Reached XP level 5. HP: 20/45 MP: 6/6
   929 | D:2      | Found Coiliorio's Assorted Antiques.
  1320 | D:3      | Reached skill level 7 in Unarmed Combat
  1336 | D:3      | Found a faded altar of an unknown god.
  1430 | D:4      | Noticed a phantom
  1446 | D:3      | Killed a phantom
  1447 | D:3      | Reached XP level 6. HP: 45/51 MP: 7/7
  1497 | D:4      | Reached skill level 8 in Unarmed Combat
  1524 | D:4      | Reached XP level 7. HP: 32/57 MP: 8/8
  1684 | D:4      | Reached skill level 9 in Unarmed Combat
  1698 | D:4      | Learned a level 3 spell: Spider Form
  1721 | D:4      | Found an opulent altar of Gozag.
  1784 | D:4      | Found a large runed translucent door.
  1785 | D:4      | Found a large runed translucent door.
  1800 | D:4      | Found a white marble altar of Elyvilon.
  1807 | D:4      | Found a glowing golden altar of the Shining One.
  2009 | D:4      | Found a hide-covered altar of Uskayaw.
  2052 | D:4      | Identified the +5 long sword "Eseetz" {protect, Will+}
  2093 | D:5      | Entered Level 5 of the Dungeon
  2201 | D:5      | Reached skill level 10 in Unarmed Combat
  2201 | D:5      | Reached XP level 8. HP: 46/63 MP: 9/9
  2410 | D:5      | Reached skill level 1 in Spellcasting
  2410 | D:5      | Reached skill level 1 in Transmutations
  2713 | D:5      | Noticed Blork the orc
  2728 | D:5      | Killed Blork the orc
  2861 | D:6      | Found a radiant altar of Vehumet.
  3123 | D:6      | Reached skill level 5 in Transmutations
  3142 | D:6      | Gained mutation: You passively map the area around you.
                  | [Meteoran growth]
  3142 | D:6      | Reached XP level 9. HP: 67/70 MP: 13/16
  3694 | D:7      | Found an ancient bone altar of Kikubaaqudgha.
  3741 | D:7      | Found a runed translucent door.
  3742 | D:7      | Noticed Crazy Yiuf
  3749 | D:7      | Killed Crazy Yiuf
  3921 | D:7      | Reached skill level 11 in Unarmed Combat
  3985 | D:7      | Found a staircase to the Ecumenical Temple.
  3992 | D:7      | Reached skill level 5 in Dodging
  3998 | D:7      | Reached XP level 10. HP: 60/80 MP: 17/17
  4014 | Temple   | Entered the Ecumenical Temple
  4243 | D:8      | Reached skill level 5 in Fighting
  4305 | D:8      | Found an ornate altar of the Wu Jian Council.
  4417 | D:8      | Found a flagged portal.
  4433 | D:8      | Found a hazy altar of Hepliaklqana.
  4451 | Bailey   | Entered a bailey
  4492 | Bailey   | Slain by a kobold brigand

Illustrated notes

Levels and vault maps discovered:
D:1:      psy_arrival_conway, layout_basic, kennysheep_boxes
D:2:      layout_loops_cross, serial_shops, shop, uniq_robin, uniq_terence
D:3:      layout_rooms, hellmonk_ecumenical_altar_run_dry
D:4:      layout_rooms, mainiacjoe_overflow_brackets, jmf_multi_god_temple2,
          kennysheep_little_box
D:5:      layout_basic, uniq_blork_the_orc
D:6:      layout_loops_cross, fiery_altar_vehumet,
          nicolae_kite_square_tiling_tiny
D:7:      layout_basic, mainiacjoe_overflow_chevrons, minmay_temple_entry_grid,
          uniq_crazy_yiuf_cottage
D:8:      layout_loops_ring, fedhas_ov_isle_minmay,
          worldfamousw_hep_ancestral_shrine, mainiacjoe_overflow_catch_the_wave,
          enter_bailey_2, ebering_ghost_rock_garden, nicolae_elemental_shop
Temple:   chequers_temple_sunken
Bailey:   bailey_axe_3, bailey

Skill      XL: |  1  2  3  4  5  6  7  8  9 10 |
---------------+-------------------------------+-----
Unarmed Combat | 4 5 6 7 8 10 11 | 11.9
Spellcasting   | 4 |  4.0
Transmutations | 5 8 |  8.0
Dodging        | 5 6 |  6.0
Fighting       | 4 5 |  5.4

Action                     |  1- 3 |  4- 6 |  7- 9 | 10-12 || total
---------------------------+-------+-------+-------+-------++-------
  Melee: Unarmed           |    81 |   142 |   274 |    59 ||   556
   Cast: Spider Form       |       |       |    17 |     8 ||    25
  Evoke: Wand              |       |       |     4 |       ||     4
    Use: Potion            |       |       |       |     1 ||     1
   Stab: Paralysed         |       |       |    10 |       ||    10
 Armour: Robe              |    11 |       |     6 |       ||    17
         Storm dragon scal |    42 |    81 |    46 |       ||   169
         Skin              |       |       |     6 |     4 ||    10
  Dodge: Dodged            |    30 |    32 |   131 |    59 ||   252
